[Event "Almaty Open 2019"]
[Site "Almaty"]
[Date "2019.10.09"]
[Round "4.4"]
[White "Isanzhulov, Arystan"]
[Black "Hamitevici, Vladimir"]
[Result "0-1"]
[ECO "B12"]
[WhiteElo "2305"]
[BlackElo "2472"]
[Annotator "ChessBase"]
[PlyCount "189"]
[EventDate "2019.10.07"]
[EventType "swiss"]
[EventCountry "KAZ"]
[SourceTitle "playchess.com"]
[Source "ChessBase"]
[SourceQuality "1"]
[TimeControl "5400+30"]

1. e4 c6 2. d4 g6 3. Nf3 Bg7 4. Nbd2 d6 5. g3 Nf6 6. Bg2 O-O 7. O-O Na6 8. Re1 Nd7 9. e5 dxe5 10. dxe5 Nac5 11. b3 Qc7 12. Qe2 b6 13. a4 Ba6 14. Qe3 Ne6 15. Bb2 Rad8 16. h4 h6 17. Nf1 c5 18. h5 gxh5 19. Qe4 Bb7 20. Qf5 Bxf3 21. Bxf3 Nd4 22. Bxd4 e6 23. Qxh5 cxd4 24. Be4 Nxe5 25. Rac1 Nd7 26. Bd3 Qc5 27. Qe2 Qe5 28. Qd1 Qf6 29. Nh2 Ne5 30. Ng4 Nxg4 31. Qxg4 Rd5 32. Qe4 Rfd8 33. Kg2 Rf5 34. Re2 Rdd5 35. Rce1 Bf8 36. Qg4+ Rg5 37. Qe4 Qg7 38. Rh1 Rg4 39. Qf3 Rgg5 40. Be4 Rd8 41. Bd3 Rdd5 42. Be4 Rde5 43. Bd3 Rxe2 44. Qxe2 Qe5 45. Qxe5 Rxe5 46. Rh4 Rd5 47. f4 Bg7 48. Rh1 Kf8 49. f5 Ke7 50. fxe6 fxe6 51. Kf3 Re5 52. Kf2 Rg5 53. Kf3 h5 54. Rh4 Be5 55. g4 hxg4+ 56. Rxg4 Rh5 57. Kf2 Rh2+ 58. Rg2 Rh3 59. Rg4 a5 60. Ke2 Kd6 61. Kf2 Bf6 62. Kg2 Rh8 63. Rf4 Rh6 64. Rg4 Be5 65. Kf2 Rh5 66. Kf3 Rh2 67. Rg2 Rh3+ 68. Kf2 Bf4 69. Rg6 Bd2 70. Rg4 Be3+ 71. Kg2 Rh5 72. Rg6 Re5 73. Rg4 Kc5 74. Kf3 Kb4 75. Rg7 Bd2 76. Kf2 Be1+ 77. Kf1 Bc3 78. Rb7 Kc5 79. Bb5 Re3 80. Re7 Kb4 81. Bd3 Ka3 82. Rb7 e5 83. Bg6 e4 84. Re7 Re1+ 85. Kf2 e3+ 86. Kf3 Kb2 87. Bd3 Rd1 88. Bh7 Rf1+ 89. Kg3 Rf2 90. Rd7 Rxc2 91. Bxc2 Kxc2 92. Kf3 Kd1 93. Re7 Bd2 94. Ke4 e2 95. Kxd4 0-1

[Event "Almaty Open 2019"]
[Site "Almaty"]
[Date "2019.10.09"]
[Round "4.17"]
[White "Bizhigitov, Zhangir"]
[Black "Zhakshylykov, Erzhan"]
[Result "1-0"]
[ECO "B53"]
[WhiteElo "2018"]
[BlackElo "1999"]
[Annotator "NA RC"]
[PlyCount "58"]
[EventDate "2019.10.07"]
[EventType "swiss"]
[EventCountry "KAZ"]
[SourceTitle "playchess.com"]
[Source "ChessBase"]
[SourceQuality "1"]
[TimeControl "5400+30"]

1. e4 c5 2. Nf3 d6 3. d4 cxd4 4. Qxd4 a6 5. Bg5 Nc6 6. Qd2 h6 7. Be3 {[%emt 0:06:12] B53: Sicilian: 2...d6: Lines with Qxd4} Nf6 8. Nc3 Ng4 9. Bf4 g5 (9... e5 $5 10. Bg3 Be7 $11) 10. Bg3 Bg7 11. h3 (11. h4 gxh4 12. Rxh4 Be6 13. Nd5 Rc8 14. O-O-O Nge5 {1-0 (41) Tsydypov,Z (2551)-Kevlishvili,R (2461) Skopje 2019}) 11... Nf6 $1 12. O-O-O $146 ({Predecessor:} 12. Be2 Qa5 13. O-O Be6 14. a3 O-O {0-1 (22) Dostan,J (2188)-Vucinic,G (2252) Novi Sad 2013}) 12... Be6 13. Kb1 Qa5 14. Nd5 Qa4 ({Better is} 14... Qxd2 $11 15. Nxf6+ Bxf6 16. Nxd2 b5) 15. Nc7+ {[%emt 0:07:24] [#]} Kd7 $1 16. Nxe6 Nxe4 (16... fxe6 $11 17. Bd3 Nxe4 18. Bxe4 Qxe4) 17. Nxg7 Nxd2+ 18. Rxd2 Rac8 $16 ({Better is} 18... Qa5 $14) 19. c3 b5 20. Bd3 Kc7 21. Nf5 Rcd8 22. Re1 Rd7 23. Bc2 Qa5 24. Nxe7 Nxe7 25. Rxe7 Rxe7 26. Bxd6+ Kb7 27. Bxe7 Re8 28. Rd7+ Kb8 29. Ne5 Rh8 1-0

[Event "Almaty Open 2019"]
[Site "Almaty"]
[Date "2019.10.09"]
[Round "4.18"]
[White "Nurgaliyev, Sauat"]
[Black "Baimurzin, Aitkazy"]
[Result "1/2-1/2"]
[ECO "B28"]
[WhiteElo "1995"]
[BlackElo "2036"]
[Annotator "NA RC"]
[PlyCount "94"]
[EventDate "2019.10.07"]
[EventType "swiss"]
[EventCountry "KAZ"]
[SourceTitle "playchess.com"]
[Source "ChessBase"]
[SourceQuality "1"]
[TimeControl "5400+30"]

1. e4 c5 2. Nf3 a6 3. c4 e6 4. Nc3 b6 5. d4 cxd4 6. Nxd4 Bb7 7. Bd3 Qc7 {[%emt 0:03:08] A34: Symmetrical English: 2 Nc3, lines with ...d5} (7... d6 8. f4 Nf6 9. O-O Be7 10. Be3 Nbd7 11. b4 O-O 12. a3 Rc8 13. Rc1 Re8 14. g4 e5 15. Nf5 exf4 16. Bxf4 Bf8 17. Bxd6 Ne5 18. Bxf8 Rxf8 {½-½ (37) Kryvoruchko,Y (2697)-Romanov,E (2614) Porto Carras 2018}) 8. O-O Nf6 9. Bg5 Bd6 $146 ({Predecessor:} 9... Be7 10. Qe2 d6 11. Kh1 Nbd7 12. f4 h6 13. Bh4 Nc5 14. e5 Ng8 15. Bxe7 Nxe7 16. Ncb5 axb5 17. Nxb5 Qc6 18. Nxd6+ Kf8 {1-0 (28) Velasquez,A (1880)-Rengifo,C (1561) Dosquebradas 2018}) 10. h3 Bf4 11. Bxf4 Qxf4 12. Qf3 ({White should play} 12. Re1 $14) 12... Qxf3 13. gxf3 d6 14. b4 g5 15. a4 Nbd7 16. Rfc1 Ke7 17. a5 Ne5 18. Bf1 bxa5 19. Rxa5 Rhc8 20. Na4 Nfd7 21. c5 dxc5 22. Nxc5 Nxc5 23. bxc5 Nc6 24. Nxc6+ Rxc6 25. Rb1 Ra7 26. Bd3 f6 27. Bc2 Rc7 28. Rb6 Bc6 29. Bb3 Bd7 30. Bc4 Bc8 31. Kf1 h5 32. Kg2 h4 33. Kf1 Bd7 34. Ke2 e5 35. Kf1 $1 Bxh3+ 36. Kg1 $11 Bc8 37. Bd5 Bd7 38. Kh2 Bc8 39. Kg2 Bd7 40. Kh2 Rc8 41. Bb7 Rc7 42. Bd5 Bc8 43. Kg2 Bd7 44. Kh2 Rc8 45. Bb7 Rc7 46. Bd5 Be8 47. c6 Bd7 1/2-1/2

[Event "Almaty Open 2019"]
[Site "Almaty"]
[Date "2019.10.11"]
[Round "6.1"]
[White "Igambergenov, Alibek"]
[Black "Hamitevici, Vladimir"]
[Result "1/2-1/2"]
[ECO "A06"]
[WhiteElo "2402"]
[BlackElo "2472"]
[Annotator "ChessBase"]
[PlyCount "89"]
[EventDate "2019.10.07"]
[EventType "swiss"]
[EventCountry "KAZ"]
[SourceTitle "playchess.com"]
[Source "ChessBase"]
[SourceQuality "1"]
[TimeControl "5400+30"]

1. Nf3 d5 2. e3 e6 3. c4 Nf6 4. b3 b6 5. Bb2 Bb7 6. g3 Nbd7 7. Bg2 a5 8. Nc3 Ne4 9. O-O Ndc5 10. cxd5 exd5 11. d3 Nf6 12. Qc2 Be7 13. Nd4 g6 14. Nce2 O-O 15. Nf4 Re8 16. a3 Qd7 17. b4 Ne6 18. Ndxe6 fxe6 19. Bh3 Bd8 20. Rac1 Qf7 21. Ne2 e5 22. f4 e4 23. Be5 axb4 24. axb4 c5 25. bxc5 exd3 26. Qxd3 bxc5 27. Ra1 Ba5 28. Bg2 Ne4 29. Bxe4 dxe4 30. Qb5 Bb4 31. Rxa8 Rxa8 32. Rd1 Bd5 33. Nc3 Bxc3 34. Bxc3 Rc8 35. Qa6 Qe6 36. Qa7 Qf7 37. Qa5 h5 38. Ba1 Kh7 39. Qc3 Be6 40. Rd6 Bh3 41. Qe5 Qb7 42. Rb6 Qd7 43. Rd6 Qb7 44. Rb6 Qd7 45. Rd6 1/2-1/2

[Event "Almaty Open 2019"]
[Site "Almaty"]
[Date "2019.10.11"]
[Round "6.2"]
[White "Barsov, Alexei"]
[Black "Fier, Alexandr"]
[Result "0-1"]
[ECO "E69"]
[WhiteElo "2365"]
[BlackElo "2541"]
[Annotator "ChessBase"]
[PlyCount "80"]
[EventDate "2019.10.07"]
[EventType "swiss"]
[EventCountry "KAZ"]
[SourceTitle "playchess.com"]
[Source "ChessBase"]
[SourceQuality "1"]
[TimeControl "5400+30"]

1. d4 Nf6 2. Nf3 g6 3. c4 Bg7 4. g3 O-O 5. Bg2 d6 6. O-O Nbd7 7. Nc3 e5 8. e4 c6 9. h3 Qb6 10. dxe5 Nxe5 11. Nxe5 dxe5 12. Na4 Qc7 13. Be3 Be6 14. Qe2 b6 15. Rfd1 Nd7 16. Rd2 f5 17. exf5 gxf5 18. Rad1 Rae8 19. Rd6 e4 20. f4 exf3 21. Qxf3 Ne5 22. Qf2 Bxc4 23. Nc3 Kh8 24. Bf4 c5 25. Qc2 Qf7 26. Qa4 Be6 27. Bd5 Bxd5 28. R6xd5 Nf3+ 29. Kf2 Qh5 30. R5d3 Bd4+ 31. Rxd4 cxd4 32. Rxd4 Qxh3 33. Rd1 Qh5 34. Qxa7 Nh2 35. Kg2 Re2+ 36. Nxe2 Qxe2+ 37. Kh3 Ng4 38. Rh1 Nf2+ 39. Kg2 Nxh1+ 40. Kxh1 Rd8 0-1

[Event "Almaty Open 2019"]
[Site "Almaty"]
[Date "2019.10.11"]
[Round "6.3"]
[White "Makhnev, Denis"]
[Black "Utegaliyev, Azamat"]
[Result "1-0"]
[ECO "A58"]
[WhiteElo "2478"]
[BlackElo "2503"]
[Annotator "ChessBase"]
[PlyCount "89"]
[EventDate "2019.10.07"]
[EventType "swiss"]
[EventCountry "KAZ"]
[SourceTitle "playchess.com"]
[Source "ChessBase"]
[SourceQuality "1"]
[TimeControl "5400+30"]

1. d4 Nf6 2. c4 c5 3. d5 b5 4. cxb5 a6 5. bxa6 g6 6. Nc3 Bxa6 7. g3 d6 8. Bg2 Bg7 9. Nf3 O-O 10. O-O Nbd7 11. Qc2 Qa5 12. Rd1 Rfb8 13. Rb1 Ng4 14. Bd2 Nge5 15. Nxe5 Nxe5 16. b3 Qa3 17. Bh3 Rb7 18. Be1 Rab8 19. Qc1 Qa5 20. Na4 Qb5 21. Nc3 Qa5 22. Na4 Qb5 23. Nc3 Qe8 24. Bf1 h5 25. Ne4 Ra7 26. Bc3 Bc8 27. Ra1 Qd8 28. Nd2 Nd7 29. Bxg7 Kxg7 30. e4 Kg8 31. Qc3 Ba6 32. Bh3 Qb6 33. Bxd7 Rxd7 34. Qe3 Qd8 35. Rac1 Bb7 36. Nf3 Ra8 37. a4 Qf8 38. Ng5 Qg7 39. f4 Qb2 40. f5 gxf5 41. exf5 Qg7 42. Ne4 Kf8 43. f6 Qg6 44. Qf4 Ra6 45. Nxc5 1-0

[Event "Almaty Open 2019"]
[Site "Almaty"]
[Date "2019.10.11"]
[Round "6.4"]
[White "Khusenkhojaev, Muhammad"]
[Black "Simantsev, Mikhail"]
[Result "1-0"]
[ECO "E32"]
[WhiteElo "2434"]
[BlackElo "2365"]
[Annotator "ChessBase"]
[PlyCount "83"]
[EventDate "2019.10.07"]
[EventType "swiss"]
[EventCountry "KAZ"]
[SourceTitle "playchess.com"]
[Source "ChessBase"]
[SourceQuality "1"]
[TimeControl "5400+30"]

1. d4 Nf6 2. c4 e6 3. Nc3 Bb4 4. Qc2 O-O 5. Nf3 b6 6. g3 Bb7 7. Bg2 d5 8. cxd5 exd5 9. O-O Nbd7 10. Bf4 a6 11. a3 Be7 12. Ne5 Re8 13. Rfd1 Bd6 14. Nd3 Qe7 15. Rac1 Rac8 16. e3 h6 17. Qb3 Qe6 18. Bxd6 Qxd6 19. Nf4 c6 20. Na4 b5 21. Nd3 Rc7 22. Nac5 Nxc5 23. Nxc5 Bc8 24. Qb4 Qe7 25. Rd2 h5 26. Rdc2 h4 27. Nd3 Qe6 28. Qa5 Qd6 29. Nb4 Bb7 30. Nxa6 Rce7 31. Qb4 Qd8 32. Nc5 hxg3 33. hxg3 Bc8 34. Nd3 Bf5 35. Ne5 Bxc2 36. Nxc6 Qd7 37. Nxe7+ Rxe7 38. Rxc2 Re8 39. Rc5 Qf5 40. Qxb5 Qb1+ 41. Bf1 Re6 42. Rc8+ 1-0

[Event "Almaty Open 2019"]
[Site "Almaty"]
[Date "2019.10.11"]
[Round "6.5"]
[White "Kostenko, Petr"]
[Black "Smirnov, Pavel"]
[Result "1/2-1/2"]
[ECO "B40"]
[WhiteElo "2462"]
[BlackElo "2556"]
[Annotator "RC"]
[PlyCount "41"]
[EventDate "2019.10.07"]
[EventType "swiss"]
[EventCountry "KAZ"]
[SourceTitle "playchess.com"]
[Source "ChessBase"]
[SourceQuality "1"]
[TimeControl "5400+30"]

1. e4 c5 2. Nf3 e6 3. c4 Nc6 4. Be2 Nf6 5. Nc3 d5 6. exd5 exd5 7. d4 Be7 8. Be3 cxd4 9. Nxd4 O-O 10. Nxc6 bxc6 11. cxd5 Nxd5 12. Nxd5 cxd5 13. O-O Bf6 14. Bf3 Be6 15. Bd4 Rb8 16. b3 Bxd4 17. Qxd4 Qa5 18. Rfd1 Rfd8 19. Rd2 Rb4 20. Qb2 d4 21. Be4 1/2-1/2

[Event "Almaty Open 2019"]
[Site "Almaty"]
[Date "2019.10.11"]
[Round "6.7"]
[White "Isanzhulov, Arystan"]
[Black "Urazayev, Arystanbek"]
[Result "1/2-1/2"]
[ECO "A45"]
[WhiteElo "2305"]
[BlackElo "2420"]
[Annotator "ChessBase"]
[PlyCount "82"]
[EventDate "2019.10.07"]
[EventType "swiss"]
[EventCountry "KAZ"]
[SourceTitle "playchess.com"]
[Source "ChessBase"]
[SourceQuality "1"]
[TimeControl "5400+30"]

1. d4 Nf6 2. Bg5 e6 3. Nd2 d5 4. e3 Be7 5. Ngf3 h6 6. Bh4 O-O 7. Be2 c5 8. dxc5 Bxc5 9. O-O Nc6 10. c4 Be7 11. cxd5 Nxd5 12. Bg3 Bd6 13. Nc4 Bxg3 14. hxg3 Qe7 15. Nd4 Bd7 16. Bf3 Rfd8 17. Bxd5 exd5 18. Nd2 Nxd4 19. exd4 Qb4 20. Nb3 b6 21. Re1 Rac8 22. Re3 Bf5 23. Qe1 Qa4 24. Rc3 Re8 25. Qd2 Qa6 26. Nc1 Rxc3 27. bxc3 Qc4 28. a4 a5 29. f3 f6 30. Kf2 Bc8 31. Qd3 Ba6 32. Qxc4 Bxc4 33. Rb1 Re6 34. Rb2 Kf7 35. Ne2 Ke8 36. Nf4 Rc6 37. g4 Kd7 38. g3 Kc7 39. Ng2 Kd6 40. Ne3 Bd3 41. Ke1 g6 1/2-1/2

[Event "Almaty Open 2019"]
[Site "Almaty"]
[Date "2019.10.11"]
[Round "6.8"]
[White "Rakhimzhan, Alen"]
[Black "Moisseyenko, Ilya"]
[Result "1/2-1/2"]
[ECO "D10"]
[WhiteElo "2303"]
[BlackElo "2264"]
[Annotator "NA RC"]
[PlyCount "79"]
[EventDate "2019.10.07"]
[EventType "swiss"]
[EventCountry "KAZ"]
[SourceTitle "playchess.com"]
[Source "ChessBase"]
[SourceQuality "1"]
[TimeControl "5400+30"]

1. d4 d5 2. c4 c6 3. cxd5 cxd5 4. Bf4 Nf6 5. Nc3 Nc6 6. e3 a6 7. Bd3 Bg4 8. Nge2 e6 9. h3 Bh5 {[%emt 0:00:05] D10: Slav Defence: 3 cxd5 (without early Nf3) and 3 Nc3} 10. O-O Bd6 (10... Be7 11. Rc1 O-O 12. a3 Bg6 13. Bxg6 hxg6 14. Na4 Nd7 15. b4 Rc8 16. Qb3 b6 17. Qd3 {½-½ (56) Gorodetzky,D (2461)-Postny,E (2601) Riga 2019}) 11. Bxd6 Qxd6 12. Rc1 O-O 13. Qd2 Bxe2 14. Qxe2 b5 15. a4 bxa4 $146 ({Predecessor:} 15... b4 16. Nb1 a5 17. Nd2 e5 18. Bb5 {1-0 (55) Faizulaev,A (2322)-Sattarov,B (2271) Tashkent 2014}) 16. Nxa4 Nb4 17. Bb1 g6 18. Rc3 Rfb8 19. Qf3 Kg7 20. Rfc1 Ra7 21. Nc5 a5 22. Qe2 $11 Nd7 23. Qd2 Nb6 24. b3 Nd7 25. Na4 Nf6 26. Nc5 h5 27. Bd3 Qb6 28. Ra1 Rc7 29. Rac1 Ra7 30. Ra1 Rc7 31. Na4 Rxc3 32. Qxc3 Qb7 33. Nc5 Qb6 34. Be2 Rc8 35. Qd2 Rc7 36. Rc1 Rc6 37. f3 Qb8 38. Rc3 Kg8 39. Bf1 Rc7 40. Kf2 1/2-1/2

[Event "Almaty Open 2019"]
[Site "Almaty"]
[Date "2019.10.11"]
[Round "6.9"]
[White "Zhukenov, Aituar"]
[Black "Serikbay, Chingiz"]
[Result "0-1"]
[ECO "B35"]
[WhiteElo "2196"]
[BlackElo "2298"]
[Annotator "ChessBase"]
[PlyCount "112"]
[EventDate "2019.10.07"]
[EventType "swiss"]
[EventCountry "KAZ"]
[SourceTitle "playchess.com"]
[Source "ChessBase"]
[SourceQuality "1"]
[TimeControl "5400+30"]

1. e4 c5 2. Nf3 g6 3. d4 Bg7 4. Nc3 cxd4 5. Nxd4 Nc6 6. Be3 Nf6 7. Bc4 O-O 8. Bb3 d6 9. f3 Nxd4 10. Bxd4 Be6 11. Qd2 Qa5 12. O-O-O Rfc8 13. Kb1 b5 14. Rhe1 Bxb3 15. cxb3 b4 16. Nd5 Nxd5 17. Bxg7 Ne3 18. Qxe3 Kxg7 19. Qd4+ f6 20. Rc1 Rab8 21. Rc4 Rxc4 22. Qxc4 Rb5 23. Qe6 Re5 24. Qc8 Rc5 25. Qe6 Re5 26. Qc4 d5 27. Qd3 dxe4 28. Rxe4 Rxe4 29. Qxe4 Qc5 30. Qe1 e5 31. Qd1 f5 32. Qd7+ Kf6 33. Qd8+ Qe7 34. Qh8+ Kg5 35. Qb8 Kh6 36. a3 bxa3 37. Ka2 axb2 38. Kxb2 e4 39. fxe4 fxe4 40. Qf4+ g5 41. Qe3 Qe5+ 42. Kc2 a5 43. g3 Kg6 44. h3 Qe6 45. Kd2 Qxh3 46. Qxe4+ Qf5 47. Qe8+ Kh6 48. Qe3 Qd5+ 49. Ke2 Qg2+ 50. Kd3 Kh5 51. Qe8+ Kg4 52. Qd7+ Kxg3 53. Qxh7 Qd5+ 54. Kc3 g4 55. Qe7 Kf2 56. Kb2 Qd2+ 0-1

[Event "Almaty Open 2019"]
[Site "Almaty"]
[Date "2019.10.11"]
[Round "6.10"]
[White "Sisabayev, Kuanysh"]
[Black "Kenzhalin, Nursultan"]
[Result "1/2-1/2"]
[ECO "B00"]
[WhiteElo "2289"]
[BlackElo "2185"]
[Annotator "ChessBase"]
[PlyCount "140"]
[EventDate "2019.10.07"]
[EventType "swiss"]
[EventCountry "KAZ"]
[SourceTitle "playchess.com"]
[Source "ChessBase"]
[SourceQuality "1"]
[TimeControl "5400+30"]

1. e4 d6 2. d4 Nf6 3. f3 g6 4. Be3 Bg7 5. Qd2 c6 6. c4 Nbd7 7. Nc3 e5 8. O-O-O Qc7 9. Bh6 Bf8 10. Nge2 b6 11. Kb1 Bb7 12. d5 c5 13. Nb5 Qb8 14. g4 a6 15. Nbc3 Qd8 16. Ng3 Bxh6 17. Qxh6 Ng8 18. Qe3 Qh4 19. Bd3 Ne7 20. Qe1 O-O-O 21. Nf5 Nxf5 22. exf5 Qxe1 23. Rdxe1 Kc7 24. h4 Nf6 25. Ne2 b5 26. b3 bxc4 27. bxc4 Bc8 28. g5 Nh5 29. f6 Bf5 30. Kc2 Rb8 31. Rb1 Rxb1 32. Rxb1 Bd7 33. Kd2 Rb8 34. Rxb8 Kxb8 35. Ke3 Kc7 36. f4 Nxf4 37. Nxf4 exf4+ 38. Kxf4 Be8 39. h5 Kd8 40. Ke3 Bd7 41. hxg6 hxg6 42. Bc2 Be8 43. Kd2 Bd7 44. Kc3 Be8 45. Kb2 Kc7 46. Ka3 Kb6 47. Bd1 Bd7 48. Bc2 Be8 49. Be4 Kc7 50. Kb3 Kd8 51. Kc3 Kc7 52. Bc2 Kd8 53. Kd2 Kc7 54. Ke3 Kb6 55. Kf4 Kc7 56. Bd1 Kd8 57. Bg4 Bd7 58. Bd1 Be8 59. Ke3 Kc7 60. Bc2 Kd8 61. Kd2 Kc7 62. Kc3 Kd8 63. Kb3 Kc7 64. Ka3 Kd8 65. Bd1 Bd7 66. Bf3 Be8 67. Bg4 Bd7 68. Bd1 Be8 69. Bc2 Kc7 70. Kb2 Kd8 1/2-1/2

[Event "Almaty Open 2019"]
[Site "Almaty"]
[Date "2019.10.11"]
[Round "6.11"]
[White "Mezentsev, Ivan"]
[Black "Tologontegin, Semetey"]
[Result "1-0"]
[ECO "A04"]
[WhiteElo "2351"]
[BlackElo "2384"]
[Annotator "ChessBase"]
[PlyCount "125"]
[EventDate "2019.10.07"]
[EventType "swiss"]
[EventCountry "KAZ"]
[SourceTitle "playchess.com"]
[Source "ChessBase"]
[SourceQuality "1"]
[TimeControl "5400+30"]

1. Nf3 d6 2. d4 Nf6 3. c4 Bf5 4. Nc3 h6 5. e3 Nbd7 6. Bd3 Bxd3 7. Qxd3 e5 8. O-O Be7 9. b3 O-O 10. Bb2 Re8 11. Rad1 c6 12. Qf5 g6 13. Qc2 Qc7 14. d5 c5 15. e4 a6 16. a4 Nh5 17. Ne1 Bf8 18. g3 Bg7 19. Ng2 Re7 20. Kh1 Rae8 21. Rde1 Qc8 22. Ba3 Ndf6 23. Kg1 Nd7 24. Ne3 Nhf6 25. a5 h5 26. Na4 Qc7 27. b4 cxb4 28. Bxb4 Rc8 29. Qd3 Ree8 30. Rc1 Bf8 31. Rc2 Rb8 32. Kg2 Red8 33. f3 Ne8 34. Qa3 Nc5 35. Nxc5 dxc5 36. Bc3 Bg7 37. Qa1 Qe7 38. d6 Qxd6 39. Nd5 Nc7 40. f4 Nxd5 41. cxd5 Re8 42. Rcf2 f6 43. f5 g5 44. Qd1 g4 45. h3 gxh3+ 46. Kxh3 b5 47. axb6 Rxb6 48. Qxh5 Reb8 49. Rf3 c4 50. g4 Qe7 51. Kg3 Rb1 52. g5 Rxf1 53. Rxf1 Rb3 54. Rf3 fxg5 55. Qg6 Qf6 56. Qe8+ Qf8 57. Qe6+ Qf7 58. d6 Rb6 59. Qc8+ Kh7 60. d7 Qh5 61. d8=Q g4 62. Qg8+ Kh6 63. Bd2+ 1-0

[Event "Almaty Open 2019"]
[Site "Almaty"]
[Date "2019.10.11"]
[Round "6.12"]
[White "Kembayev, Bakhytzhan"]
[Black "Stupak, Kirill"]
[Result "1/2-1/2"]
[ECO "E62"]
[WhiteElo "2119"]
[BlackElo "2551"]
[Annotator "ChessBase"]
[PlyCount "156"]
[EventDate "2019.10.07"]
[EventType "swiss"]
[EventCountry "KAZ"]
[SourceTitle "playchess.com"]
[Source "ChessBase"]
[SourceQuality "1"]
[TimeControl "5400+30"]

1. d4 g6 2. c4 Bg7 3. Nf3 Nf6 4. Nc3 O-O 5. g3 d6 6. Bg2 c6 7. O-O Bf5 8. b3 Ne4 9. Bb2 Qa5 10. Nxe4 Bxe4 11. e3 b5 12. Qd2 Qxd2 13. Nxd2 Bxg2 14. Kxg2 bxc4 15. Nxc4 Nd7 16. Rfc1 c5 17. dxc5 Nxc5 18. Bxg7 Kxg7 19. Rc2 Rfb8 20. Nb2 a5 21. Rd1 Na6 22. Nd3 Rb5 23. Rdc1 Ra7 24. Rc6 Rbb7 25. e4 Nb8 26. R6c3 Nd7 27. f3 f5 28. Rc4 Nb6 29. Rc6 Nd7 30. Re1 fxe4 31. fxe4 Rb5 32. Rec1 Kf7 33. Rc7 Rxc7 34. Rxc7 Nf6 35. Kf3 g5 36. h3 Ke6 37. Rc8 h5 38. g4 hxg4+ 39. hxg4 Nd7 40. Ke3 Nf6 41. Kf3 Kd7 42. Rf8 Kc7 43. Rf7 Kd8 44. Rf8+ Kd7 45. Ra8 Kc6 46. Rc8+ Kb7 47. Rf8 Kc7 48. Rf7 Kd7 49. Rf8 d5 50. exd5 Rxd5 51. Nf2 a4 52. Ne4 axb3 53. Nxf6+ exf6 54. axb3 Rd6 55. Rb8 Ke6 56. Ke4 Rc6 57. Re8+ Kf7 58. Rd8 Rb6 59. Rd3 Ke6 60. Re3 Rb4+ 61. Kf3+ Kd5 62. Rd3+ Kc5 63. Rc3+ Kd6 64. Rd3+ Ke6 65. Re3+ Kf7 66. Kg3 Kg6 67. Kf3 Rb6 68. Kg3 Rb5 69. Kf3 f5 70. gxf5+ Rxf5+ 71. Kg3 Rf4 72. Rd3 Rf1 73. Kg2 Rb1 74. Kg3 Kf5 75. Rc3 Ke4 76. Rc4+ Kd5 77. Rg4 Rxb3+ 78. Kg2 Rb5 1/2-1/2

[Event "Almaty Open 2019"]
[Site "Almaty"]
[Date "2019.10.11"]
[Round "6.13"]
[White "Dzhumaev, Marat"]
[Black "Malygin, Vladislav"]
[Result "1-0"]
[ECO "D02"]
[WhiteElo "2428"]
[BlackElo "1941"]
[Annotator "ChessBase"]
[PlyCount "57"]
[EventDate "2019.10.07"]
[EventType "swiss"]
[EventCountry "KAZ"]
[SourceTitle "playchess.com"]
[Source "ChessBase"]
[SourceQuality "1"]
[TimeControl "5400+30"]

1. d4 d5 2. Nf3 Nf6 3. c4 e6 4. e3 Be7 5. Nc3 O-O 6. Qc2 Nbd7 7. Bd3 dxc4 8. Bxc4 c5 9. O-O a6 10. a4 b6 11. Rd1 Bb7 12. dxc5 Bxc5 13. b3 Qc7 14. Bb2 Ne5 15. Nxe5 Qxe5 16. Nd5 Qg5 17. Nxf6+ gxf6 18. Bf1 Rfd8 19. Qc3 Kg7 20. a5 Bd6 21. f4 Qg6 22. Rxd6 Rxd6 23. Qc7 Bxg2 24. f5 Rc6 25. Qxc6 Bxc6+ 26. fxg6 bxa5 27. gxh7 Rb8 28. Rxa5 Rxb3 29. Rh5 1-0

[Event "Almaty Open 2019"]
[Site "Almaty"]
[Date "2019.10.11"]
[Round "6.14"]
[White "Dauletova, Gulmira"]
[Black "Nukin, Tolegen"]
[Result "1-0"]
[ECO "B42"]
[WhiteElo "2259"]
[BlackElo "2104"]
[Annotator "NA"]
[PlyCount "59"]
[EventDate "2019.10.07"]
[EventType "swiss"]
[EventCountry "KAZ"]
[SourceTitle "playchess.com"]
[Source "ChessBase"]
[SourceQuality "1"]
[TimeControl "5400+30"]

1. e4 c5 2. Nf3 e6 3. d4 cxd4 4. Nxd4 a6 5. Bd3 Nf6 $14 6. O-O d6 7. c4 Be7 8. Nc3 O-O 9. f4 Re8 10. Be3 Nbd7 11. Qf3 Bf8 12. Rad1 e5 13. Nf5 exf4 14. Qxf4 Qc7 15. Nd5 Qc6 16. Bd4 Re6 17. Kh1 Kh8 18. Qh4 Ng8 19. b4 b6 20. b5 axb5 21. cxb5 Qb7 22. Nxg7 Bxg7 23. Rxf7 Re5 24. Nf4 Bh6 25. Bxe5+ Nxe5 26. Rxb7 Bxb7 27. Nd5 Rxa2 28. Bb1 Rb2 29. Ne7 Rxb5 30. Nxg8 1-0

[Event "Almaty Open 2019"]
[Site "Almaty"]
[Date "2019.10.11"]
[Round "6.15"]
[White "Kairbekova, Amina"]
[Black "Bekturov, Tamerlan"]
[Result "1/2-1/2"]
[ECO "B17"]
[WhiteElo "2096"]
[BlackElo "2226"]
[Annotator "ChessBase"]
[PlyCount "90"]
[EventDate "2019.10.07"]
[EventType "swiss"]
[EventCountry "KAZ"]
[SourceTitle "playchess.com"]
[Source "ChessBase"]
[SourceQuality "1"]
[TimeControl "5400+30"]

1. e4 c6 2. d4 d5 3. Nd2 dxe4 4. Nxe4 Nd7 5. Ng5 Ngf6 6. Bd3 e6 7. N1f3 Bd6 8. Qe2 h6 9. Ne4 Nxe4 10. Qxe4 Nf6 11. Qe2 Qc7 12. Bd2 b6 13. O-O-O Bb7 14. Ne5 O-O-O 15. f4 c5 16. dxc5 Bxc5 17. Kb1 Kb8 18. a3 Ka8 19. Rhf1 Bd6 20. g4 Nd5 21. c4 Nf6 22. Bc3 Nh7 23. c5 Bxc5 24. Bxh7 Rxh7 25. Rxd8+ Qxd8 26. Nxf7 Qe7 27. Qd3 g6 28. Ne5 Qe8 29. Rd1 Bd5 30. f5 gxf5 31. gxf5 Qa4 32. Bb4 Rc7 33. fxe6 Bxe6 34. Qf3+ Kb8 35. Rd8+ Bc8 36. Bc3 Qb5 37. Qd5 a5 38. Nc4 Ka7 39. Nd6 Qf1+ 40. Ka2 Bxd6 41. Rxd6 Ba6 42. b3 a4 43. Qd4 axb3+ 44. Kb2 Qe2+ 45. Kxb3 Qb5+ 1/2-1/2

[Event "Almaty Open 2019"]
[Site "Almaty"]
[Date "2019.10.11"]
[Round "6.16"]
[White "Bizhigitov, Zhangir"]
[Black "Balabayeva, Xeniya"]
[Result "1/2-1/2"]
[ECO "B40"]
[WhiteElo "2018"]
[BlackElo "1986"]
[Annotator "NA"]
[PlyCount "104"]
[EventDate "2019.10.07"]
[EventType "swiss"]
[EventCountry "KAZ"]
[SourceTitle "playchess.com"]
[Source "ChessBase"]
[SourceQuality "1"]
[TimeControl "5400+30"]

1. e4 c5 2. Nf3 e6 3. g3 Nc6 4. Bg2 g6 5. d4 cxd4 6. Nxd4 a6 7. O-O Nge7 8. c4 Bg7 9. Be3 O-O 10. Nc3 Qc7 11. Rc1 d6 12. b3 Bd7 13. Qd2 Rad8 14. Rfd1 Nxd4 15. Bxd4 Bc6 16. Bxg7 Kxg7 17. Ne2 b6 18. Rc3 Rd7 19. h4 Qb7 20. h5 e5 21. h6+ Kg8 22. Bh3 f5 23. Rd3 Rf6 24. Nc3 fxe4 25. Bxd7 exd3 26. Bxc6 Nxc6 27. Ne4 Rf3 28. Qg5 Qc7 29. Qg4 Nd4 30. Ng5 Rf5 31. Rxd3 d5 32. Nf3 Ne2+ 33. Kf1 e4 34. Nd4 exd3 35. Nxf5 Qd7 36. Ne3 Qxg4 37. Nxg4 Nc3 38. Nf6+ Kf7 39. Nxd5 Nxa2 40. Ke1 Nc1 41. Kd2 Nxb3+ 42. Kxd3 Nc5+ 43. Kd4 Nd7 44. Nc7 a5 45. Kd5 a4 46. Nb5 Ke7 47. Na3 g5 48. Kc6 Ke6 49. Kc7 g4 50. Kc6 Ke7 51. Kc7 Ke6 52. Kc6 Ke5 1/2-1/2

[Event "Almaty Open 2019"]
[Site "Almaty"]
[Date "2019.10.11"]
[Round "6.17"]
[White "Igen, Amir"]
[Black "Nurgaliyev, Sauat"]
[Result "1-0"]
[ECO "D37"]
[WhiteElo "1934"]
[BlackElo "1995"]
[Annotator "NA"]
[PlyCount "89"]
[EventDate "2019.10.07"]
[EventType "swiss"]
[EventCountry "KAZ"]
[SourceTitle "playchess.com"]
[Source "ChessBase"]
[SourceQuality "1"]
[TimeControl "5400+30"]

1. d4 Nf6 2. c4 e6 3. Nc3 d5 4. Nf3 a6 5. cxd5 exd5 6. Bg5 Be7 7. e3 O-O 8. Bd3 h6 9. Bh4 b6 10. Ne5 Bb7 11. O-O Nbd7 12. f4 c5 13. Qf3 b5 14. a3 c4 15. Bf5 Nb6 16. Bxf6 Bxf6 17. Qg4 Qd6 18. Rf3 Bc8 19. Rg3 Bxf5 20. Qxf5 Kh8 21. Qh5 Qe6 22. Ng4 Kh7 23. Rh3 Rh8 24. Nxh6 g6 25. Qf3 Kg7 26. f5 Qe7 27. Ng4 Rxh3 28. Qxh3 Rh8 29. Qf3 Rh5 30. fxg6 fxg6 31. Rf1 Rf5 32. Qh3 Rh5 33. Qg3 Bh4 34. Qf4 Bg5 35. Qf3 Bh6 36. Nxh6 Rxh6 37. g4 g5 38. Kg2 Re6 39. Re1 Qd6 40. Qf5 Rg6 41. Rf1 Qe7 42. Rf3 b4 43. axb4 Qxb4 44. Qf7+ Kh6 45. Rh3# 1-0